 Dungeon Crawl Stone Soup version 0.28-a0-8-g6e044cfa68 (webtiles) character file.

Game seed: 10503346557289916692

168 nelgraf2 the Insei (level 5, -5/40 HPs)
             Began as a Draconian Transmuter on July 24, 2021.
             Slain by an orc warrior (13 damage)
             ... on level 4 of the Dungeon.
             The game lasted 00:10:01 (3408 turns).

nelgraf2 the Insei (Draconian Transmuter)           Turns: 3408, Time: 00:10:02

Health: -5/40      AC:  2    Str: 12    XL:     5   Next: 23%
Magic:  5/9        EV: 20    Int: 13    God:
Gold:   69         SH:  0    Dex: 18    Spells: 5/9 levels left

rFire   + . .      SeeInvis .     - Unarmed
rCold   . . .      Faith    .   (shield currently unavailable)
rNeg    . . .      Spirit   .   (armour unavailable)
rPois   x          Reflect  .   (helmet currently unavailable)
rElec   .          Harm     .   (cloak currently unavailable)
rCorr   .          Rampage  .   (gloves currently unavailable)
Will    .....                   (boots currently unavailable)
Stlth   ++........              (no amulet)
HPRegen 0.13/turn               f - ring of protection from fire
MPRegen 0.11/turn               (no ring)

@: spider-form (expiring)
A: venomous fangs, AC +5, tiny, unfitting armour, (cold-blooded)
a: End Transformation


You were on level 4 of the Dungeon.
You were a venomous arachnid creature.
You visited 1 branch of the dungeon, and saw 4 of its levels.

You collected 69 gold pieces.

Inventory:

Hand Weapons
 i - a +1 dagger of holy wrath
Missiles
 c - 17 poisoned darts
Armour
 h - a +2 scale mail of fire resistance
Jewellery
 d - an amulet of guardian spirit
 f - a ring of protection from fire (left front leg)
Wands
 j - a wand of flame (16)
Scrolls
 e - a scroll of teleportation {unknown}
 k - a scroll of fear {unknown}
Potions
 a - 4 potions of haste {unknown}
 b - a potion of might {unknown}
 g - a potion of cancellation {unknown}
 l - a potion of flight {unknown}


   Skills:
 + Level 1.2 Fighting
 + Level 2.4 Dodging
 + Level 1.2 Stealth
 + Level 4.1 Unarmed Combat
 + Level 2.8 Spellcasting
 * Level 3.1 Transmutations


You had 5 spell levels left.
You knew the following spells:

 Your Spells              Type           Power      Damage    Failure   Level
a - Beastly Appendage     Tmut           18%        N/A       19%         1
b - Spider Form           Tmut/Pois      2%         N/A       58%         3

Your spell library contained the following spells:

 Spells                   Type           Power      Damage    Failure   Level
 Wereblood                Tmut           9%         N/A       24%         2
 Tukima's Dance           Hex            1%         N/A       77%         3
 Ice Form                 Ice/Tmut       5%         N/A       90%         4
 Passage of Golubria      Tloc           N/A        N/A       98%         4
 Yara's Violent Unravell  Hex/Tmut       2%         3d3       99%         5


Dungeon Overview and Level Annotations

Branches:
Dungeon (4/15)
 Temple: D:4-7

Altars:
Vehumet
Wu Jian

Shops:
D:3 *!*

Annotations:
D:3 2 transporters, robertstho's ghost, weakling MiBe
D:4 exclusion: orc warrior


Innate Abilities, Weirdness & Mutations

You are a venomous arachnid creature.
You have poisonous fangs.
You are tiny and dextrous.
Your spellcasting is less reliable in this form.
Your armour is entirely melded.
You are incapable of wielding weapons or throwing items.
((Your plain brown scales are hard. (AC +5)))
You cannot fit into any form of body armour.
((You are cold-blooded and may be slowed by cold attacks.))


Message History

You miss the ufetubus.
The ufetubus is almost dead.
The ufetubus hits you. x2
You hit the ufetubus but do no damage. Your kick misses the ufetubus.
The ufetubus is almost dead.
The ufetubus hits you but does no damage. x2
You miss the ufetubus. Your kick misses the ufetubus.
Your headbutt misses the ufetubus.
The ufetubus is almost dead.
Your transformation is almost over.
The ufetubus barely misses you. The ufetubus hits you. x2
The ufetubus barely misses you.
Casting: Beastly Appendage (safe; 7% risk of failure)
Confirm with . or Enter, or press ? or * to list all spells.
You extend your transformation's duration.
The ufetubus barely misses you. x2
Okay, then.
Casting: Beastly Appendage (safe; 7% risk of failure)
Confirm with . or Enter, or press ? or * to list all spells.
Okay, then.
Casting: Beastly Appendage (safe; 7% risk of failure)
Confirm with . or Enter, or press ? or * to list all spells.
The spell is quite dangerous to cast (36% risk of failure)!
Continue anyway?
Your horns disappear.
Your talons disappear.
You turn into a venomous arachnid creature.
The ufetubus hits you but does no damage.
The ufetubus closely misses you. The ufetubus barely misses you. x2
You hit the ufetubus.
You kill the ufetubus!
You hit the hobgoblin but do no damage. The hobgoblin closely misses you.
You hit the hobgoblin.
The hobgoblin is lightly wounded.
The orc warrior completely misses you. The hobgoblin misses you.
You bite the hobgoblin!
You kill the hobgoblin!
Your transformation is almost over.
The orc warrior hits you from afar with a +1 glaive of protection!
* * * LOW HITPOINT WARNING * * *
The orc warrior hits you with a +1 glaive of protection!
You die...

........#.#.....#....####
#########o......#........
##.##.###.#######
##.##.....###
#.o.#.......#
#..)#.......#
#..J#.......#
..######g#.#######
.........#s# .........#o#
.........oJ#
..................
....#.....>.......
....#............. ...
#............. ..
###...........
#...........


You could see an orc warrior, an orc and an endoplasm.

Vanquished Creatures
  Terence (D:3)
  An orc wizard (D:4)
  2 adders
  A white imp (D:3)
  An ufetubus (D:4)
  2 worms (D:3)
  5 orcs
  3 endoplasms
  3 giant cockroaches
  4 goblins
  8 hobgoblins
  8 jackals
  5 quokkas
  7 ball pythons
  3 bats
  4 frilled lizards
  9 kobolds
  4 rats (D:3)
71 creatures vanquished.

Vanquished Creatures (others)
  A dart slug (D:3)
1 creature vanquished.

Grand Total: 72 creatures vanquished

Notes
Turn   | Place    | Note
-------+----------+-------------------------------------------
     0 | D:1      | nelgraf2 the Draconian Transmuter began the quest for the
                  | Orb.
     0 | D:1      | Reached XP level 1. HP: 16/16 MP: 3/3
   107 | D:1      | Reached XP level 2. HP: 23/23 MP: 3/5
   625 | D:1      | Reached XP level 3. HP: 11/28 MP: 4/6
  1955 | D:3      | Noticed Terence
  1968 | D:3      | Killed Terence
  1969 | D:3      | Reached XP level 4. HP: 18/35 MP: 7/7
  2129 | D:3      | Found Gag Nor's Assorted Antiques.
  2158 | D:3      | Found a transporter.
  2178 | D:3      | Noticed an ogre
  2179 | D:3      | Noticed robertstho's ghost (weakling MiBe)
  2182 | D:3      | Found a transporter.
  2190 | D:3      | Reached skill level 4 in Unarmed Combat
  2193 | D:3      | Found a radiant altar of Vehumet.
  2311 | D:3      | Found Hotusienoh's Distillery.
  2320 | D:3      | Found Piaw's Assorted Antiques.
  2667 | D:3      | Reached skill level 1 in Stealth
  3034 | D:3      | Found an ornate altar of the Wu Jian Council.
  3216 | D:4      | Noticed an orc warrior
  3234 | D:4      | Reached XP level 5. HP: 32/40 MP: 9/9
  3314 | D:4      | Learned a level 3 spell: Spider Form
  3408 | D:4      | Slain by an orc warrior

Illustrated notes

Levels and vault maps discovered:
D:1:      psy_arrival_radial01, layout_basic
D:2:      layout_basic, dk_vineyard_1
D:3:      layout_loops_ring, fiery_altar_vehumet, mainiacjoe_overflow_brackets,
          gammafunk_ghost_smash, serial_shops, nicolae_diamond_shop,
          nicolae_shop_temple_entry_statues_fountains, nicolae_shop_crystal,
          kennysheep_generic_room_9, uniq_terence
D:4:      layout_basic, ebering_ghost_disaster_area, minmay_checkerbox

Skill      XL: |  1  2  3  4 |
---------------+-------------+-----
Dodging        | 2 |  2.4
Unarmed Combat | 4 |  4.1
Stealth        | 1 |  1.2
Transmutations | 3 |  3.1
Fighting       | |  1.2
Spellcasting   | |  2.8

Action                   |  1- 3 |  4- 6 || total
-------------------------+-------+-------++-------
Melee: Unarmed           |   102 |    75 ||   177
       Tailslap          |     8 |     8 ||    16
       Kick              |    18 |    19 ||    37
       Headbutt          |     6 |     7 ||    13
       Punch             |     1 |       ||     1
 Cast: Beastly Appendage |    24 |    16 ||    40
       Spider Form       |       |     1 ||     1
 Stab: Sleeping          |     1 |     1 ||     2
Armor: Skin              |    27 |    30 ||    57
Dodge: Dodged            |    79 |    63 ||   142

Table legend: (Time is in decaauts)
 A = Elapsed time spent in this place.
 B = Non-inter-level travel time spent in this place.
 C = Inter-level travel time spent in this place.
 D = Time resting spent in this place.
 E = Time spent auto-exploring this place.
 F = Levels seen in this place.
 G = Mean time per level.
                   A        B        C        D        E       F      G
               +--------+--------+--------+--------+--------+-----+--------+
         Total |   3395 |   3355 |     40 |    612 |   2167 |   4 |  848.8 |
       Dungeon |   3395 |   3355 |     40 |    612 |   2167 |   4 |  848.8 |
               +--------+--------+--------+--------+--------+-----+--------+

Top non-repeatable levels by time:
     D:3: 1140 daAuts
     D:1: 1019 daAuts
     D:2: 928 daAuts
     D:4: 307 daAuts
